 Dungeon Crawl Stone Soup version 0.27-a0-1188-g73eefd5def (webtiles) character file.

Game seed: 10726018348321221600

9 Sobieck the Poker (level 2, -1/24 HPs)
             Began as a Merfolk Monk on May 21, 2021.
             Slain by an adder (4 damage)
             ... on level 3 of the Dungeon.
             The game lasted 00:01:02 (351 turns).

Sobieck the Poker (Merfolk Monk)                     Turns: 351, Time: 00:01:03

Health: -1/24      AC:  2    Str: 11    XL:     2   Next: 12%
Magic:  2/2        EV: 13    Int:  9    God:
Gold:   14         SH:  0    Dex: 16    Spells: 1/1 levels left

rFire    . . .     SeeInvis .   a - +0 spear {polearm}
rCold    . . .     Faith    .   (no shield)
rNeg     . . .     Spirit   .   b - +0 robe
rPois    .         Reflect  .   (no helmet)
rElec    .         Harm     .   (no cloak)
rCorr    .         Rampage  .   (no gloves)
Will     .....                  (no boots)
Stlth    ++........             (no amulet)
HPRegen  0.08/turn              (no ring)
MPRegen  0.08/turn              (no ring)

@: lethally poisoned (-1 -> -3)
A: (nimble swimmer 2), mertail
a: no special abilities


You were on level 3 of the Dungeon.
You visited 1 branch of the dungeon, and saw 3 of its levels.

You collected 14 gold pieces.


Innate Abilities, Weirdness & Mutations

((You are quick and stealthy near water. (Stealth+, EV+, Speed+++)))
Your lower body shifts to a powerful aquatic tail in water.


   Skills:
 - Level 3.2 Fighting
 + Level 4.8 Polearms
 - Level 4.0 Dodging
 + Level 2.7 Stealth


You had one spell level left.
You didn't know any spells.
Your spell library contained the following spells:

 Spells                   Type           Power      Damage    Failure   Level
 Magic Dart               Conj           0%         1d3       38%         1
 Blink                    Tloc           N/A        N/A       52%         2
 Call Imp                 Summ           0%         N/A       52%         2
 Slow                     Hex            0%         N/A       52%         2
 Conjure Flame            Conj/Fire      0%         6-21      77%         3
 Mephitic Cloud           Conj/Pois/Air  0%         N/A       77%         3

Inventory:

Hand Weapons
 a - a +0 spear (weapon) {polearm}
Missiles
 h - 10 arrows
 i - 5 boomerangs (quivered) {throwing}
Armour
 b - a +0 robe (worn)
Scrolls
 d - a scroll of fear {unknown}
 f - a scroll of noise {unknown}
 g - a scroll of identify {unknown}
 j - a scroll of vulnerability {unknown}
Potions
 c - a potion of flight {unknown}
 e - 2 potions of lignification {unknown}

Dungeon Overview and Level Annotations

Branches:
Dungeon (3/15)

Altars:

................##########
.. #####.........†#
#....<.....†...###
#.###....$.........
##......#......
###......#......
.........#######
..........# .........@#
..##.....wS..# ..
#.............
#......(......
.....###....... .####.
.S..... #. ....... .......


You could see an adder, a dart slug and a ball python.


Message History

You climb downwards.
There is a stone staircase leading up here.
e - 2 fuming red potions
There is a stone staircase leading up here.
Found a stone staircase leading down.
(D) Dungeon
Where to? (Enter - D:1 @ (x,y), ? - help)
There is a stone staircase leading down here.
You climb downwards.
There is a stone staircase leading up here.
Found an escape hatch in the floor.
A bat comes into view.
You reach to attack!
The helpless bat fails to defend itself.
You hit the bat. The bat misses you.
You hit the bat but do no damage. The bat closely misses you.
You hit the bat.
You kill the bat!
You have reached level 2! 😎 HP[+6] MP[+1]
You now have 24 max hp (+6).
Your hp is fully restored (24).
Your mp is fully restored (2).
f - a scroll labelled OSYELOGENY
Found an escape hatch in the ceiling.
A ball python comes into view.
You reach to attack!
The helpless ball python fails to defend itself.
You hit the ball python. The ball python misses you.
The ball python closely misses you.
You hit the ball python.
You kill the ball python!
No target in view!
g - a scroll labelled YTSIVA MEC BED
h - 10 arrows
i - 5 boomerangs {throwing}
Found a stone staircase leading up.
A bat comes into view.
The bat barely misses you.
You hit the bat. The bat closely misses you.
You reach to attack!
You barely miss the bat. The bat closely misses you.
You closely miss the bat. The bat misses you.
You hit the bat.
You kill the bat!
No target in view!
(D) Dungeon
Where to? (Enter - D:3, ? - help)
There is a stone staircase leading up here.
You climb upwards.
There is a stone staircase leading down here.
You climb downwards.
There is a stone staircase leading up here.
j - a scroll labelled ATSAALU EPTA A dart slug comes into view.
You see here 9 gold pieces.
A dart slug is nearby!
An adder comes into view.
You reach to attack!
The helpless adder fails to defend itself.
You hit the adder. You completely miss the adder. The adder barely misses you.
The dart slug launches a dart at you. The slug dart hits you. 😕 HP[-5]
You take 5 damage, and now have 19/24 hp.
MASSIVE DAMAGE!! (PAUSE)
You hit the adder. The adder bites you. The adder barely misses you. 😮 HP[-2]
You take 2 damage, and now have 17/24 hp.
You hit the adder. The adder closely misses you.
You miss the adder. The adder bites you.
You are poisoned.
The adder poisons you! The dart slug launches a dart at you.
The slug dart hits you.
* * * LOW HITPOINT WARNING * * *
😨 HP[-7]
You take 7 damage, and now have 10/24 hp.
MASSIVE DAMAGE!! (PAUSE)
You closely miss the adder.
You feel sick.
A ball python comes into view.
The adder bites you.
* * * LOW HITPOINT WARNING * * *
😱 HP[-4]
You take 4 damage, and now have 6/24 hp.
You miss the adder.
* * * LOW HITPOINT WARNING * * *
You feel sick. The adder barely misses you.
The dart slug barely misses you. 😱 HP[-1]
You take 1 damage, and now have 5/24 hp.
You barely miss the adder.
* * * LOW HITPOINT WARNING * * *
You feel sick.
The ball python hisses angrily.
The adder barely misses you. 😱 HP[-1]
You take 1 damage, and now have 4/24 hp.
You miss the adder.
* * * LOW HITPOINT WARNING * * *
You feel sick. The adder bites you.
You die...

Action                   || total
-------------------------++-------
Melee: Spear             ||    36
 Stab: Sleeping          ||     6
Dodge: Dodged            ||    21

Levels and vault maps discovered:
D:1:      evilmike_arrival_hilbert_curve, layout_basic,
          ebering_ecumenical_altar_hall
D:2:      layout_loops_ring, palyth_stone_intersect
D:3:      layout_basic, grunt_temple_overflow_bloody_war, uniq_robin,
          uniq_natasha

Notes
Turn   | Place    | Note
-------+----------+-------------------------------------------
     0 | D:1      | Sobieck the Merfolk Monk began the quest for the Orb.
     0 | D:1      | Reached XP level 1. HP: 18/18 MP: 1/1
     0 | D:1      | magus.rc [v1.9.6]
    52 | D:1      | You pick up a book of Minor Magic and begin reading...
    52 | D:1      | You add the spells Magic Dart, Blink, Call Imp, Slow,
                  | Conjure Flame and Mephitic Cloud to your library.
   268 | D:3      | Reached XP level 2. HP: 24/24 MP: 2/2
   348 | D:3      | HP: 6/24 [adder (2)]
   351 | D:3      | Slain by an adder

Vanquished Creatures
  2 hobgoblins
  A ball python (D:3)
  4 bats
  A frilled lizard (D:1)
  2 rats
10 creatures vanquished.

Table legend:
 A = Non-vault XP
 B = Vault XP
 C = Vault XP percentage of total XP
 D = Non-vault monster count
 E = Vault monster count
 F = Vault count percentage of total count
                 A         B        C        D         E       F
            +---------+---------+-------+---------+---------+-------
      Total |      13 |       0 |   0.0 |      10 |       0 |   0.0
            +---------+---------+-------+---------+---------+-------
        D:1 |       6 |       0 |   0.0 |       5 |       0 |   0.0
        D:2 |       3 |       0 |   0.0 |       2 |       0 |   0.0
        D:3 |       4 |       0 |   0.0 |       3 |       0 |   0.0
            +---------+---------+-------+---------+---------+-------

Illustrated notes

Table legend:
 A = Kills in this place as a percentage of kills in entire the game.
 B = Kills by you in this place as a percentage of kills by you in the entire game.
 C = Kills by friends in this place as a percentage of kills by friends in the entire game.
 D = Other kills in this place as a percentage of other kills in the entire game.
 E = Experience gained in this place as a percentage of experience gained in the entire game.
 F = Experience gained in this place divided by the number of levels of this place that you have seen.
                   A       B       C       D       E      F
               +-------+-------+-------+-------+-------+----------------------
         Total | 100.0 | 100.0 |   N/A |   N/A | 100.0 |   4.3
       Dungeon | 100.0 | 100.0 |   N/A |   N/A | 100.0 |   4.3
               +-------+-------+-------+-------+-------+----------------------

Table legend: (Time is in decaauts)
 A = Elapsed time spent in this place.
 B = Non-inter-level travel time spent in this place.
 C = Inter-level travel time spent in this place.
 D = Time resting spent in this place.
 E = Time spent auto-exploring this place.
 F = Levels seen in this place.
 G = Mean time per level.
                   A        B        C        D        E       F      G
               +--------+--------+--------+--------+--------+-----+--------+
         Total |    347 |    325 |     22 |     86 |    102 |   3 |  115.7 |
       Dungeon |    347 |    325 |     22 |     86 |    102 |   3 |  115.7 |
               +--------+--------+--------+--------+--------+-----+--------+

Top non-repeatable levels by time:
     D:1: 176 daAuts
     D:3: 112 daAuts
     D:2: 58 daAuts
